[Event "Late-Titled-Tuesday-Blitz-September-19-2023"]
[Site "Chess.com"]
[Date "2023.09.19"]
[Round "3"]
[White "Emp3rador"]
[Black "Sokoloco"]
[Result "0-1"]
[WhiteElo "2478"]
[BlackElo "2667"]
[TimeControl "180+1"]
[EndTime "14:27:19 PDT"]
[Termination "Sokoloco won on time"]

1. e4 d6 2. d4 g6 3. Nc3 Bg7 4. h3 a6 5. g4 b5 6. Bg2 Bb7 7. Nge2 Nf6 8. Ng3 h5 9. g5 Nh7 10. h4 f6 11. Be3 Nd7 12. Qd2 c5 13. f4 fxg5 14. hxg5 Nhf8 15. d5 Qa5 16. a3 O-O-O 17. Nd1 Qxd2+ 18. Kxd2 e6 19. Nc3 Nb6 20. dxe6 Nxe6 21.
Bh3 Rhe8 22. b3 d5 23. Bxc5 dxe4+ 24. Ke2 Bxc3 25. Bxb6 Rd6 26. Be3 Bxa1 27. Rxa1 Kc7 28. f5 Nd4+ 29. Kf1 Nxf5 30. Nxf5 gxf5 31. Bf4 Kc6 32. Bxd6 Kxd6 33. Kf2 Ke5 34. Rd1 Rc8 35. Rd7 Rxc2+ 36. Kg3 f4+ 37. Kh4 Bd5 38. g6 Bxb3 39. g7 e3 40. Re7+ Kf6 41. Ra7 e2 42. Rxa6+ Kxg7 43. Ra7+ Kf6 44. Ra6+ Ke5 0-1

[Event "Late-Titled-Tuesday-Blitz-September-19-2023"]
[Site "Chess.com"]
[Date "2023.09.19"]
[Round "3"]
[White "pirulillo"]
[Black "tarno17"]
[Result "1-0"]
[WhiteElo "2381"]
[BlackElo "2163"]
[TimeControl "180+1"]
[EndTime "14:27:19 PDT"]
[Termination "pirulillo won by checkmate"]

1. e4 c5 2. Nf3 e6 3. d3 a6 4.
g3 b5 5. Bg2 Bb7 6. O-O d6 7.
Re1 Qc7 8. Qe2 Be7 9. Nbd2 Nf6 10. Nf1 Nbd7 11. N3d2 O-O 12. f4 Rac8 13. g4 Ne8 14.
Ng3 c4 15. dxc4 bxc4 16. c3 Bh4 17. Ndf1 d5 18. exd5 Bxd5 19. Bxd5 exd5 20. Be3 Nef6 21. g5 Ne4 22. Qg4 Bxg3 23. Nxg3 Nxg3 24. hxg3 Nc5 25. Bd4 Rce8 26. Kg2 Rxe1 27. Rxe1 Ne4 28. Rh1 f5 29.
Qh5 g6 30. Qxg6+ hxg6 31. Rh8+ Kf7 32. Rh7+ Ke6 33. Rxc7 Rb8 34. Rc6+ Kf7 35. Rxa6 Rxb2+ 36. Kf3 Nd2+ 37. Ke2 Ne4+ 38. Kd1 Nxg3 39. Rf6+ Ke7 40. Rxg6 Rxa2 41. Rg7+ Kf8 42. Rb7 Ne4 43. g6 Rd2+ 44.
Kc1 Rg2 45. g7+ Kg8 46. Rb8+ Kh7 47. Rh8+ Kg6 48. g8=Q# 1-0

[Event "Late-Titled-Tuesday-Blitz-September-19-2023"]
[Site "Chess.com"]
[Date "2023.09.19"]
[Round "3"]
[White "AsaHoffmann"]
[Black "Grig1508"]
[Result "1-0"]
[WhiteElo "2368"]
[BlackElo "2045"]
[TimeControl "180+1"]
[EndTime "14:27:19 PDT"]
[Termination "AsaHoffmann won by checkmate"]

1. d4 d5 2. Bg5 h6 3. Bh4 Nd7 4. c4 c6 5. Nc3 Ngf6 6. cxd5 cxd5 7. e3 e6 8. Bd3 Bb4 9. Qb3 Ba5 10. f4 Qc7 11. Nf3 Ng4 12. Ke2 O-O 13. Rac1 Bxc3 14. Rxc3 Qd6 15. h3 Ngf6 16. Ne5 Ne4 17. Bxe4 dxe4 18.
Rhc1 Nb6 19. Qa3 Qxa3 20. Rxa3 Nd5 21. g4 f6 22. Nc4 Rd8 23. Be1 b6 24. Nd2 f5 25.
Nc4 a5 26. Ne5 Ba6+ 27. Kf2 Rac8 28. Rxc8 Rxc8 29. Bc3 Bb5 30. Rb3 Ba4 31. Ra3 Be8 32. Rb3 g5 33. fxg5 hxg5 34. gxf5 exf5 35. Bd2 Kg7 36.
Ke1 Ba4 37. Ra3 Bb5 38. Rb3 Ba6 39. Ra3 Kf6 40. b4 Nxb4 41. Bxb4 axb4 42. Rxa6 Rc1+ 43.
Kd2 Rh1 44. Rxb6+ Ke7 45. Rxb4 Rxh3 46. Rb7+ Ke6 47. Rb6+ Ke7 48. d5 g4 49. Re6+ Kd8 50. d6 Rh2+ 51. Kc3 Rxa2 52. Re7 Ra3+ 53. Kb4 Rd3 54. Nc6+ Kc8 55. Rc7# 1-0

[Event "Late-Titled-Tuesday-Blitz-September-19-2023"]
[Site "Chess.com"]
[Date "2023.09.19"]
[Round "3"]
[White "karinachess1"]
[Black "Firouzja2003"]
[Result "0-1"]
[WhiteElo "2606"]
[BlackElo "3064"]
[TimeControl "180+1"]
[EndTime "14:27:20 PDT"]
[Termination "Firouzja2003 won on time"]

1. d4 Nf6 2. c4 g6 3. g3 Bg7 4. Bg2 O-O 5. Nc3 d6 6. e4 c5 7. Nf3 Nc6 8. d5 Na5 9. Nd2 e6 10. O-O exd5 11. cxd5 Rb8 12. a4 a6 13. f4 Ng4 14. Nf3 c4 15. Qc2 Nb3 16. Rb1 Nxc1 17. Rbxc1 Ne3 18. Qf2 Nxf1 19. Rxf1 b5 20. e5 Qb6 21. Qxb6 Rxb6 22. a5 Rb7 23. Ne4 dxe5 24. Nxe5 Rd8 25. d6 Bf5 26. Nc5 Ra7 27. Rd1 Bf8 28. Nb7 Rxb7 29. Bxb7 Bxd6 30. Kg2 Bc2 31. Rd2 Bd3 32. Nxd3 Bb4 33. Rd1 cxd3 34. Bxa6 d2 35. Bxb5 Bxa5 36. Be2 Rb8 37. Rb1 Bc3 38. b3 Re8 39.
Kf1 Bb4 40. Rd1 Rc8 41. Bf3 Re8 42. Be2 Re3 43. Rb1 Rc3 0-1

[Event "Late-Titled-Tuesday-Blitz-September-19-2023"]
[Site "Chess.com"]
[Date "2023.09.19"]
[Round "3"]
[White "MKlose11"]
[Black "Sina_Movahed"]
[Result "0-1"]
[WhiteElo "2584"]
[BlackElo "2976"]
[TimeControl "180+1"]
[EndTime "14:27:20 PDT"]
[Termination "Sina_Movahed won by resignation"]

1. e4 c5 2. Nc3 d6 3. g3 g6 4. Bg2 Bg7 5. d3 Nc6 6. Be3 h5 7. h3 e6 8. Qd2 Nge7 9. Nge2 Rb8 10. O-O b5 11. f4 b4 12. Nd1 Bd7 13. g4 hxg4 14. hxg4 a5 15. f5 gxf5 16. exf5 Be5 17. Bf4 exf5 18. Bxe5 dxe5 19. gxf5 Nxf5 20. Rxf5 Bxf5 21.
Bxc6+ Kf8 22. Nf2 Rb6 23. Bg2 Rg6 24. Qe3 Rhg8 25. Qxc5+ Qe7 26. Qd5 Rxg2+ 27. Qxg2 Rxg2+ 28. Kxg2 e4 29. Ng3 e3 30. Nxf5 Qg5+ 31. Ng3 exf2 32. Rf1 Qe5 33. b3 Qd5+ 34. Kh2 Qc5 35. Ne4 Qxc2 36.
Rxf2 Qxd3 37. Ng5 f5 38. Kg2 Ke7 39. Nf3 Kf6 40. Rd2 Qe3 41. Rd6+ Kg7 42. Rd2 Kg6 43. Rd6+ Kh5 44. Rd4 Qe2+ 45. Kg3 Qxa2 46. Rd5 Kg6 47. Nd4 a4 48. Rd6+ Kf7 49. bxa4 b3 50. Nxb3 Qxb3+ 51. Kf4 Qb4+ 52. Kxf5 Qxd6 0-1

[Event "Late-Titled-Tuesday-Blitz-September-19-2023"]
[Site "Chess.com"]
[Date "2023.09.19"]
[Round "3"]
[White "ProfessorChess101"]
[Black "ukchessbomber"]
[Result "0-1"]
[WhiteElo "2440"]
[BlackElo "2694"]
[TimeControl "180+1"]
[EndTime "14:27:20 PDT"]
[Termination "ukchessbomber won on time"]

1. d4 b5 2. e4 Bb7 3. Nd2 a6 4. Ngf3 e6 5. a4 b4 6. Bd3 Nf6 7. O-O d6 8. Qe2 Nbd7 9. Rd1 Be7 10. Nf1 O-O 11. Ng3 Re8 12. e5 Nd5 13. Qe4 Nf8 14. Qg4 Ng6 15. h4 Nxh4 16. Ng5 Ng6 17. Nh5 dxe5 18.
dxe5 Qd7 19. Ne4 Bf8 20. Bh6 Kh8 21. Bf4 Ndxf4 22. Nxf4 Nxe5 23. Qh5 Nxd3 24. Rxd3 Qc6 25. Ng5 h6 26. Nxf7+ Kg8 27. Qg6 e5 28. Nxh6+ Kh8 29. Nf7+ Kg8 30. Nh6+ Kh8 31. Qf7 Qxh6 32. Ng6+ Kh7 33.
Rh3 Qxh3 34. gxh3 Be4 35. Nxf8+ Rxf8 36. Qh5+ Kg8 37. Qxe5 Rae8 38. Qc5 Rf6 39. Kf1 Rg6 40. f3 Bxf3 41. Kf2 Bg2 42. Re1 Rf8+ 43. Ke2 Re6+ 44. Kd2 Rd8+ 0-1

[Event "Late-Titled-Tuesday-Blitz-September-19-2023"]
[Site "Chess.com"]
[Date "2023.09.19"]
[Round "3"]
[White "ATM622"]
[Black "subham777"]
[Result "1-0"]
[WhiteElo "2459"]
[BlackElo "2595"]
[TimeControl "180+1"]
[EndTime "14:27:22 PDT"]
[Termination "ATM622 won by checkmate"]

1. d4 d5 2. c4 e6 3. Nf3 Nf6 4. g3 Be7 5. Bg2 O-O 6. O-O dxc4 7. Ne5 Nc6 8. Bxc6 bxc6 9. Nxc6 Qe8 10. Nxe7+ Qxe7 11. Qc2 c5 12. b3 cxb3 13. axb3 cxd4 14. Ba3 Qb7 15. Bxf8 Kxf8 16. Qc5+ Kg8 17. Qxd4 Bd7 18. Nc3 h5 19. h4 a6 20. Na4 Bb5 21. Nc5 Qb6 22.
Rfe1 Rd8 23. Qb4 Nd5 24. Qa3 Nc3 25. b4 Nxe2+ 26. Kh2 Nd4 27. Qc3 Qc6 28. Kh3 Qc8 29. Kh2 Bc6 30. Re3 e5 31. f3 Qf5 32. Rf1 g5 33. hxg5 h4 34. Ne4 hxg3+ 35. Nxg3 Qxg5 36. Ne4 Qh6+ 37. Kg1 Nf5 38. Re2 Bb5 39. Rg2+ Ng7 40. Re1 Qh4 41. Rc1 Kh8 42. Qxe5 Rg8 43. Ng5 Be8 44.
Qf6 Qh5 45. Rh2 Qxh2+ 46. Kxh2 Rf8 47. Qh6+ Kg8 48. Qh7# 1-0

[Event "Late-Titled-Tuesday-Blitz-September-19-2023"]
[Site "Chess.com"]
[Date "2023.09.19"]
[Round "3"]
[White "2346PL"]
[Black "Dhaydon19"]
[Result "0-1"]
[WhiteElo "2475"]
[BlackElo "2659"]
[TimeControl "180+1"]
[EndTime "14:27:24 PDT"]
[Termination "Dhaydon19 won by resignation"]

1. Nf3 Nf6 2. g3 e6 3. Bg2 d5 4. O-O b6 5. d4 Bb7 6. b3 Nbd7 7.
Bb2 Bd6 8. c4 Qe7 9. Nbd2 O-O 10.
Ne5 c5 11. Nxd7 Nxd7 12. cxd5 exd5 13. e3 Nf6 14. Rc1 Rac8 15. Qf3 Ne4 16. Nxe4 dxe4 17. Qh5 f5 18. dxc5 Rxc5 19. Rxc5 Bxc5 20. Rd1 Bc6 21.
h4 Bb5 22. Bf1 Bxf1 23. Kxf1 a5 24. Qe2 Qe6 25. Qb5 f4 26. exf4 Qh3+ 27. Ke1 Bxf2+ 28. Kxf2 Qh2+ 29. Kf1 Qh1+ 30. Ke2 Qf3+ 31. Ke1 Qxg3+ 32.
Ke2 Qf3+ 33. Ke1 Qxf4 34. Qc4+ Kh8 35. Qe2 h6 36. Rd7 Qxh4+ 37. Kd1 Rd8 38. Rxd8+ Qxd8+ 39. Kc1 Qh4 40. Kb1 Qh1+ 41. Kc2 Qh4 42. a4 Kh7 43. Bd4 g5 44. Qf1 Kg6 45. Bxb6 Qh2+ 46. Bf2 Qc7+ 47. Qc4 Qxc4+ 48. bxc4 h5 49. c5 Kf5 50. c6 Ke6 51.
Bg3 h4 52. Bh2 g4 53. Kd2 g3 54. Bg1 h3 55. c7 Kd7 56. Be3 h2 0-1

[Event "Late-Titled-Tuesday-Blitz-September-19-2023"]
[Site "Chess.com"]
[Date "2023.09.19"]
[Round "3"]
[White "GoltsevDmitry2000"]
[Black "K_A_S_T_O_R"]
[Result "1/2-1/2"]
[WhiteElo "2657"]
[BlackElo "2927"]
[TimeControl "180+1"]
[EndTime "14:27:26 PDT"]
[Termination "Game drawn - insufficient material"]

1. e4 c5 2. Nf3 d6 3. d4 cxd4 4. Nxd4 Nf6 5. Nc3 a6 6. f3 e6 7.
Be3 h5 8. Qd2 Nbd7 9. Be2 Qc7 10. O-O Be7 11. Rad1 b5 12. Bxb5 axb5 13. Ndxb5 Qb8 14.
Nxd6+ Bxd6 15. Qxd6 Qxd6 16. Rxd6 Ne5 17. b3 O-O 18. a4 Ba6 19. Rfd1 Rfc8 20. Bd4 Nc6 21. Bxf6 gxf6 22. Nb5 Na5 23. R1d2 Bxb5 24. axb5 Rab8 25. b6 Nc6 26. f4 Rxb6 27. f5 exf5 28. exf5 Rb5 29.
Rxf6 Ne7 30. h3 Kg7 31. Rfd6 Rxf5 32. c4 Nc6 33. R2d5 Ne7 34. Rxf5 Nxf5 35. Rd5 Kf6 36. g4 hxg4 37. hxg4 Ne3 38. g5+ Kg6 39. Rb5 Nf5 40. Kg2 Nd4 41. Rb7 Ne6 42. Rb5 Nxg5 43. c5 Ne6 44. b4 Kf6 45. Rb6 Ke5 46. c6 Kd6 47. b5 Nc5 48. c7+ Kxc7 49. Rf6 Rf8 50.
Rc6+ Kd7 51. Rxc5 Kd6 52. Rf5 Ke6 53. Rf3 f5 54. Rb3 Kd5 55. b6 Kc6 56. b7 Rb8 57. Kf3 Rxb7 58. Rxb7 Kxb7 59. Kf4 Kc6 60. Kxf5 1/2-1/2

[Event "Late-Titled-Tuesday-Blitz-September-19-2023"]
[Site "Chess.com"]
[Date "2023.09.19"]
[Round "3"]
[White "zsoltkorpics"]
[Black "midedu"]
[Result "1/2-1/2"]
[WhiteElo "2351"]
[BlackElo "2031"]
[TimeControl "180+1"]
[EndTime "14:27:26 PDT"]
[Termination "Game drawn by repetition"]

1. e4 c5 2. Nf3 Nc6 3. d4 cxd4 4. Nxd4 Nf6 5. Nc3 Qb6 6. Nb3 e6 7. Qe2 d6 8. Be3 Qc7 9. O-O-O a6 10. f3 b5 11. g4 Be7 12. h4 Rb8 13. h5 h6 14. f4 b4 15. g5 hxg5 16. fxg5 bxc3 17. gxf6 cxb2+ 18. Kb1 Bxf6 19. h6 gxh6 20. Rxh6 Rxh6 21. Bxh6 a5 22. Qg2 Ne7 23. Qf2 Be5 24. Bd3 a4 25. Nd2 Ng6 26. Nc4 Qe7 27. Nxe5 Nxe5 28. Qg3 Nxd3 29.
Rxd3 Kd7 30. Bf4 Rb6 31. Qe3 Kc7 32. Rc3+ Rc6 33. Qa7+ Bb7 34. Rxc6+ Kxc6 35. Qxa4+ Kc7 36. Qa5+ Kc8 37. Be3 e5 38. Bb6 Qd7 39. Qc3+ Qc6 40. Qb4 Kd7 41. Ba5 Qxe4 42. Qb3 Ke7 43. Bc3 Qc6 44.
Kxb2 f5 45. Qg8 Qb5+ 46. Kc1 Qf1+ 47. Kb2 Qb5+ 48. Ka3 Qa6+ 49. Kb2 Qb5+ 1/2-1/2

[Event "Late-Titled-Tuesday-Blitz-September-19-2023"]
[Site "Chess.com"]
[Date "2023.09.19"]
[Round "3"]
[White "Vaathi_Coming"]
[Black "Mesa_1"]
[Result "1-0"]
[WhiteElo "2875"]
[BlackElo "2593"]
[TimeControl "180+1"]
[EndTime "14:27:29 PDT"]
[Termination "Vaathi_Coming won on time"]

1. g3 e5 2. c4 c6 3. d4 e4 4. d5 Bb4+ 5. Bd2 Qe7 6. Nc3 Nf6 7. Bg2 O-O 8. Nh3 d6 9. Nf4 Na6 10. O-O Bf5 11. a3 Bxc3 12. Bxc3 Rfe8 13. dxc6 bxc6 14. b4 Rad8 15. Qa4 Nb8 16. Rad1 h6 17. Qa5 Bh7 18. e3 Ng4 19. b5 Ne5 20. Qa4 g5 21. Ne2 Nf3+ 22.
Kh1 c5 23. Bb2 Bf5 24. Nc3 Qf6 25. Qc2 Qg6 26. Nd5 Nd7 27. Qc3 Nde5 28. a4 Kf8 29. Bxf3 exf3 30. Rg1 Qh5 31. Nf6 Qh3 32. Rd5 Re6 33.
Qd2 h5 34. Bxe5 h4 35. g4 Bg6 36. Bxd6+ Kg7 37. Nh5+ Bxh5 38. gxh5 g4 39. Be5+ Rxe5 40. Rxd8 g3 41. fxg3 f2 42. Qxf2 Rf5 43. Qg2 Qg4 44. gxh4 1-0

[Event "Late-Titled-Tuesday-Blitz-September-19-2023"]
[Site "Chess.com"]
[Date "2023.09.19"]
[Round "3"]
[White "jaskol95"]
[Black "traack"]
[Result "0-1"]
[WhiteElo "2541"]
[BlackElo "2374"]
[TimeControl "180+1"]
[EndTime "14:27:30 PDT"]
[Termination "traack won by checkmate"]

1. e4 c5 2. Nf3 e6 3. b4 b6 4. b5 Bb7 5. Nc3 Nf6 6. e5 Nd5 7.
Nxd5 Bxd5 8. c4 Bb7 9. Bb2 d5 10. exd6 Qxd6 11. Be2 Nd7 12. O-O Nf6 13. d4 Be7 14.
dxc5 Qxc5 15. a4 O-O 16. a5 Rfd8 17. Qb3 Qb4 18. Qxb4 Bxb4 19. axb6 axb6 20. Rxa8 Bxa8 21. Rd1 Rxd1+ 22. Bxd1 Bc5 23. Bc2 Bxf3 24. gxf3 Nh5 25. Be5 f6 26. Bc7 e5 27. Be4 Nf4 28. Kf1 Kf7 29. Ke1 g6 30. Bd5+ Ke7 31. Bg8 h5 32. Kf1 h4 33. Bb8 h3 34. Kg1 Nd3 35. Bd5 Nxf2 36.
Kf1 Nd3 37. Ke2 Nf4+ 38. Kf1 Ng2 39. Ke2 Ne3 40. Be4 Nf5 41. Bxf5 gxf5 42. f4 e4 43. Kf1 Kd7 44. Ba7 Kc7 45. Ke2 Kb7 46. Kd2 Kxa7 47. Ke2 Bg1 48. Kf1 Bxh2 49. Kf2 Bxf4 50. Kg1 Bd6 51. Kh1 f4 52. c5 Bxc5 53. Kh2 f3 54. Kg3 f2 55. Kh2 f1=Q 56. Kg3 Qf3+ 57. Kh4 Bf2# 0-1

[Event "Late-Titled-Tuesday-Blitz-September-19-2023"]
[Site "Chess.com"]
[Date "2023.09.19"]
[Round "3"]
[White "kaanadayhamle"]
[Black "RichardLeyvaP"]
[Result "1-0"]
[WhiteElo "2449"]
[BlackElo "2582"]
[TimeControl "180+1"]
[EndTime "14:27:31 PDT"]
[Termination "kaanadayhamle won by resignation"]

1. Nf3 Nf6 2. g3 g6 3. Bg2 Bg7 4. O-O O-O 5. c4 d6 6. Nc3 c6 7. b4 Ne4 8. Bb2 Nxc3 9. Bxc3 Bxc3 10. dxc3 Nd7 11. Qd2 Kg7 12. Qd4+ Nf6 13. Rad1 Qc7 14. Rfe1 Rd8 15. e4 Bg4 16. h3 c5 17. bxc5 dxc5 18.
Qe3 Bxf3 19. Bxf3 e5 20. g4 h6 21. h4 b6 22. g5 hxg5 23. hxg5 Nh7 24. Rd5 Qe7 25.
Bg2 Nxg5 26. f4 exf4 27. Qxf4 Ne6 28. Qe5+ Qf6 29. Qxf6+ Kxf6 30. e5+ Ke7 31. Rd6 Rab8 32. Red1 Rxd6 33. exd6+ Kd7 34. Bh3 Rh8 35. Kg2 f5 36. Kg3 Nf4 37. Bxf5+ gxf5 38. Kxf4 Rh4+ 39. Ke5 Rxc4 40.
Rg1 Re4+ 41. Kxf5 Re2 42. Rg7+ Kxd6 43. Rxa7 Rc2 44. Ra3 Kd5 45. Rb3 Kc6 46. Ra3 Kb5 47. Rb3+ Ka6 48. Ra3+ Kb5 49. Rb3+ Kc6 50. Ra3 Re2 51.
Kf4 b5 52. Kf3 Re8 53. Ra5 Kb6 54. Ra3 c4 55. Kf2 Rd8 56. Ke2 Rd3 57. Ke1 Kc5 58.
Ke2 Kd5 59. Ra5 Rxc3 60. Rxb5+ Kd4 61. Kd2 Rh3 62. a4 Rh2+ 63. Kc1 Ra2 64. a5 Kc3 65.
Kb1 Ra4 66. Rh5 Kb3 67. Rb5+ Kc3 68. Rh5 Ra3 69. Rh3+ Kb4 70. Rxa3 Kxa3 71. a6 1-0

[Event "Late-Titled-Tuesday-Blitz-September-19-2023"]
[Site "Chess.com"]
[Date "2023.09.19"]
[Round "3"]
[White "ElDivis"]
[Black "JesseFebruary"]
[Result "1-0"]
[WhiteElo "2507"]
[BlackElo "2021"]
[TimeControl "180+1"]
[EndTime "14:27:32 PDT"]
[Termination "ElDivis won on time"]

1. Nf3 d5 2. d4 Nf6 3. c4 e6 4. e3 Be7 5. Nc3 O-O 6. b3 c5 7. cxd5 exd5 8. Be2 Nc6 9. dxc5 Bxc5 10. O-O Bg4 11. Bb2 Qd7 12. Rc1 Be7 13. Nb5 Rfd8 14. Ne5 Nxe5 15. Bxe5 Bxe2 16. Qxe2 a6 17. Rc7 Qe6 18.
Bxf6 Bxf6 19. Na3 Qd6 20. Rxb7 Qxa3 21. h4 Qd6 22. Rc1 Rd7 23. Rxd7 Qxd7 24. h5 h6 25. Qd3 Be5 26. Rc5 Rc8 27. Rxc8+ Qxc8 28. f4 Qc1+ 29. Kf2 Qb2+ 30. Kf3 Bf6 31. Qxa6 Qc2 32. Qa8+ Kh7 33. Qxd5 Qxa2 34. Qxf7 Qc2 35. g4 Qd1+ 36. Kg3 Qe1+ 37. Kf3 Qh1+ 38. Ke2 Qg2+ 39. Kd3 Qf1+ 40. Ke4 Qb1+ 41.
Kf3 Qf1+ 42. Ke4 Qb1+ 43. Kf3 Bh4 44. Qf5+ Qxf5 45. gxf5 Kg8 46. Ke4 Kf7 47. Kd5 Bd8 48. e4 Kf6 49. b4 1-0

[Event "Late-Titled-Tuesday-Blitz-September-19-2023"]
[Site "Chess.com"]
[Date "2023.09.19"]
[Round "3"]
[White "Dubs123"]
[Black "Cipy77"]
[Result "0-1"]
[WhiteElo "2302"]
[BlackElo "2498"]
[TimeControl "180+1"]
[EndTime "14:27:36 PDT"]
[Termination "Cipy77 won on time"]

1. d4 Nf6 2. c4 c5 3. d5 b5 4.
Qc2 d6 5. e4 g6 6. Nf3 Bg7 7.
cxb5 a6 8. Nc3 O-O 9. a4 axb5 10. Bxb5 Na6 11. O-O Nb4 12. Qe2 Bg4 13. Bf4 Nd7 14. h3 Bxf3 15. Qxf3 Ne5 16. Bxe5 Bxe5 17. Kh1 Kg7 18.
Qe2 e6 19. f4 Bd4 20. f5 exd5 21. Nxd5 Nxd5 22. exd5 Ra7 23. Rae1 Qg5 24. b3 Be5 25. Qg4 Qxg4 26. hxg4 Rh8 27. Re4 f6 28. Rf3 Rb8 29. Re1 Rh8 30. Rh3 Rb8 31. Rf3 h5 32.
gxh5 gxh5 33. Rh3 Rh8 34. Rg1 h4 35. Re1 Rh5 36. Rf3 Kh6 37. Ref1 Rh7 38. Kg1 Bd4+ 39. Kh2 Be5+ 40. Kh3 Rg7 41. Be8 Rhg5 42. Bd7 Rxg2 43. Rh1 Kh7 44. Be6 R2g5 45. a5 Rg3+ 46. Rxg3 Rxg3+ 47. Kxh4 Rxb3 48. Kg4+ Kg7 49. Rh3 Rb1 50. Ra3 c4 51.
Kh4 c3 52. Ra4 c2 53. Rc4 c1=Q 54. Rc7+ Qxc7 0-1

[Event "Late-Titled-Tuesday-Blitz-September-19-2023"]
[Site "Chess.com"]
[Date "2023.09.19"]
[Round "3"]
[White "CSB7"]
[Black "GreatOwl02"]
[Result "1-0"]
[WhiteElo "2705"]
[BlackElo "2446"]
[TimeControl "180+1"]
[EndTime "14:27:37 PDT"]
[Termination "CSB7 won by resignation"]

1. Nf3 d5 2. c4 dxc4 3. e3 e6 4. Bxc4 c5 5. O-O Nf6 6. d4 a6 7.
a4 Qc7 8. Qe2 Be7 9. Nc3 Nc6 10. d5 exd5 11. Nxd5 Nxd5 12. Bxd5 O-O 13. Rd1 Bg4 14. h3 Bh5 15. Bd2 Rad8 16. Bc3 Rfe8 17.
Qc4 Bd6 18. Rac1 Ne7 19. Be4 Qb8 20. a5 b5 21. axb6 Qxb6 22. g4 Bg6 23. Bxg6 Nxg6 24. Ng5 Rd7 25. Rd3 h6 26. Ne4 Red8 27. Rcd1 Nf8 28.
f4 Be7 29. f5 Qb5 30. Qxb5 axb5 31. Rxd7 Rxd7 32. Ra1 b4 33. Be5 Rd5 34. Bf4 c4 35. Ra7 Rd7 36. Ra8 Rd8 37. Rxd8 Bxd8 38. Bd6 Ba5 39.
Kf2 Nd7 40. Ke2 Nb6 41. Bc7 Kf8 42. Nd2 c3 43. bxc3 bxc3 44. Nb3 c2 45. e4 Ke8 46. Kd3 Kd7 47. Bxb6 Bxb6 48. Kxc2 Kd6 49. Kd3 Ke5 50. Nd2 g6 51. Nc4+ Kf4 52. Nxb6 Kg3 53. fxg6 fxg6 54. e5 Kxh3 55. e6 Kxg4 56. e7 1-0

[Event "Late-Titled-Tuesday-Blitz-September-19-2023"]
[Site "Chess.com"]
[Date "2023.09.19"]
[Round "3"]
[White "AEMEffi"]
[Black "arminmusovic"]
[Result "0-1"]
[WhiteElo "2323"]
[BlackElo "2526"]
[TimeControl "180+1"]
[EndTime "14:27:37 PDT"]
[Termination "arminmusovic won by resignation"]

1. d4 d5 2. c4 c5 3. cxd5 Nf6 4. Nc3 Nxd5 5. Nxd5 Qxd5 6. dxc5 Qxd1+ 7. Kxd1 Na6 8.
e4 Nxc5 9. f3 a6 10. Be3 e5 11.
Rc1 Ne6 12. Bc4 Bd7 13. Ne2 Rd8 14. Ke1 Be7 15. Kf2 O-O 16. Bd5 b5 17. Rhd1 g6 18.
Bb7 f5 19. Bb6 fxe4 20. Bxd8 e3+ 21. Kxe3 Rxd8 22. Kf2 Bc5+ 23. Kf1 Kf7 24. Bd5 Bb6 25.
Ng3 b4 26. Ne4 Ke7 27. Bxe6 Bxe6 28. Rxd8 Bxd8 29. b3 Bd7 30. Ke2 Bb5+ 31. Kd2 Bb6 32. Rc8 Bg1 33. Rh8 h5 34. Rh7+ Kf8 35. h3 Bh2 36.
Rc7 Bf4+ 37. Kc2 h4 38. Nd6 Bf1 39. Rf7+ Kg8 40. Rf6 Kg7 41. Ne8+ Kh7 42. Nd6 Bxg2 43. Kd1 Bxh3 44. Ke2 Kg7 45. Ne4 Bf5 46. Rxa6 h3 47. Ra7+ Kh6 48. Nf6 g5 49. Ng8+ Kg6 50. Ne7+ Kf6 51.
Nxf5 Kxf5 52. Rh7 e4 53. Rxh3 exf3+ 54. Rxf3 Ke4 55. Rf1 g4 56. Kd1 g3 57. Kc2 Be3 58. Rd1 g2 59. Re1 Kf3 60. Kd3 Bf2 61. Rd1 Bh4 62.
Kc4 Be7 63. Re1 Kf2 64. Rd1 g1=Q 65. Rxg1 Kxg1 66. Kd3 Kf2 67. Kc2 Ke3 68. Kb2 Kd3 69. a3 bxa3+ 70. Ka2 Bb4 71. Ka1 Kc3 0-1

[Event "Late-Titled-Tuesday-Blitz-September-19-2023"]
[Site "Chess.com"]
[Date "2023.09.19"]
[Round "3"]
[White "ArtemDyachuk"]
[Black "Njal28"]
[Result "0-1"]
[WhiteElo "2714"]
[BlackElo "3113"]
[TimeControl "180+1"]
[EndTime "14:27:39 PDT"]
[Termination "Njal28 won on time"]

1. e4 c5 2. Nf3 e6 3. d4 cxd4 4. Nxd4 Nf6 5. Nc3 Nc6 6. Ndb5 Bb4 7. a3 Bxc3+ 8. Nxc3 d5 9. exd5 exd5 10. Bd3 O-O 11.
O-O Bg4 12. f3 Bh5 13. Kh1 d4 14. Ne4 Nxe4 15. Bxe4 Re8 16. Bf4 Rxe4 17. Bg3 Re8 18. Qd2 Bg6 19. Rad1 h6 20. c3 dxc3 21. Qxc3 Qf6 22.
Qb3 Re7 23. Rd6 Qf5 24. Rfd1 Rae8 25. h3 Qc2 26. Qd5 Kh7 27. Rd2 Qf5 28. Qc4 Qa5 29. Kh2 Qf5 30. Kg1 Qb1+ 31. Kh2 Ne5 32. Qc3 Qf1 33. Rd1 Qe2 34. R1d2 Qf1 35. Rd1 Nxf3+ 36. Qxf3 Qxf3 37. gxf3 Re2+ 38. Kh1 Rxb2 39. Rd7 Ree2 40.
Rg1 Bh5 41. Rd3 Red2 42. Re3 Re2 43. Be5 Bxf3+ 44. Rxf3 Rxe5 45. Rxf7 Rg5 46. Rxg5 hxg5 47. Rc7 Kg6 48. Kg1 a5 49. a4 b6 50. Kh1 Kh6 51.
Kg1 g6 52. Rb7 g4 53. hxg4 Kg5 54. Rg7 Rb4 55. Kf1 Rxg4 0-1

[Event "Late-Titled-Tuesday-Blitz-September-19-2023"]
[Site "Chess.com"]
[Date "2023.09.19"]
[Round "3"]
[White "SCIM"]
[Black "WelshTiger"]
[Result "1-0"]
[WhiteElo "2565"]
[BlackElo "2392"]
[TimeControl "180+1"]
[EndTime "14:27:41 PDT"]
[Termination "SCIM won on time"]

1. Nf3 c5 2. g3 g6 3. Bg2 Bg7 4.
O-O Nc6 5. d3 e5 6. e4 Nge7 7.
c4 d6 8. Nc3 a6 9. Nd5 O-O 10.
Be3 Rb8 11. Qd2 b5 12. b3 Be6 13. Bh6 Bxd5 14. cxd5 Nd4 15. Nxd4 cxd4 16. Rac1 Qd7 17. Bxg7 Kxg7 18. f4 f6 19. Qa5 Rfc8 20. fxe5 fxe5 21. Qd2 Rxc1 22. Qxc1 Rc8 23. Qg5 Ng8 24. Bf3 Rf8 25. Bg4 Rxf1+ 26. Kxf1 Qe7 27. Qc1 h5 28. Be6 h4 29. Bxg8 Qf8+ 30. Kg2 hxg3 31. hxg3 Kxg8 32. Qg5 Kg7 33. Qg4 Qf7 34. Qc8 Qe7 35. Qxa6 Qg5 36. Qa5 Qe3 37. Qc7+ Kh6 38. Qc2 b4 39. Qd1 g5 40. Kh3 Qf2 41. Kg4 Kg6 42. Qf3 Qxf3+ 43.
Kxf3 Kf6 44. g4 Ke7 45. Ke2 Kd7 46. Kd2 Kc7 47. Kc2 Kb6 48. Kb2 Kb5 49. a3 Ka5 50. Ka2 Kb5 51. axb4 Kxb4 52. Kb2 Kb5 53. Ka3 Ka5 54.
b4+ Kb5 55. Kb3 Kb6 56. Ka4 Ka6 57. b5+ Kb6 58. Kb4 Kb7 59. Ka5 Ka7 60. b6+ Kb7 61. Kb5 1-0

[Event "Late-Titled-Tuesday-Blitz-September-19-2023"]
[Site "Chess.com"]
[Date "2023.09.19"]
[Round "3"]
[White "DanielDardha2005"]
[Black "lamomiajunior"]
[Result "1-0"]
[WhiteElo "2923"]
[BlackElo "2647"]
[TimeControl "180+1"]
[EndTime "14:27:46 PDT"]
[Termination "DanielDardha2005 won by resignation"]

1. d4 Nf6 2. Bg5 d5 3. e3 c6 4. c4 e6 5. Nc3 Nbd7 6. Nf3 Be7 7.
Rc1 h6 8. Bh4 O-O 9. Bd3 dxc4 10. Bxc4 b5 11. Be2 Bb7 12. O-O Rc8 13. Ne5 Nxe5 14. dxe5 Nd7 15. Bxe7 Qxe7 16. f4 a6 17. Ne4 c5 18. Nd6 Rc7 19. a4 b4 20. a5 Rd8 21.
Bd3 f6 22. Nxb7 Rxb7 23. Qb3 fxe5 24. f5 Nf6 25. fxe6 Rd6 26. Rxc5 Rb8 27. Rxe5 Rbd8 28. Bg6 Rd2 29. Ref5 R2d6 30. Bf7+ Kh8 31. Qxb4 Rxe6 32. Qxe7 Rxe7 33. Bc4 Rd6 34. Re1 Re4 35. b3 Re7 36. Rc5 Ne4 37. Rc8+ Kh7 38. Ra8 Nc5 39. Kf1 Rb7 40.
Ke2 Nxb3 41. Bd3+ g6 42. Rxa6 Rxa6 43. Bxa6 Ra7 44. Bc4 Nxa5 45. Bd5 Rd7 46. Rd1 Re7 47. Ra1 Ra7 48. Kd3 Nc6 49. Rxa7+ Nxa7 50. Kd4 Nc8 51. Ke5 Kg7 52. Ke6 Nb6 53. Bb3 Na8 54. Kd6 Nb6 55. Kc7 Na8+ 56. Kb7 1-0

[Event "Late-Titled-Tuesday-Blitz-September-19-2023"]
[Site "Chess.com"]
[Date "2023.09.19"]
[Round "3"]
[White "HajiyevKanan"]
[Black "AlexandraBotez"]
[Result "0-1"]
[WhiteElo "2477"]
[BlackElo "2311"]
[TimeControl "180+1"]
[EndTime "14:27:46 PDT"]
[Termination "AlexandraBotez won by checkmate"]

1. d4 d5 2. Nf3 e6 3. c4 Nf6 4. cxd5 exd5 5. Nc3 a6 6. Qc2 Nc6 7. Bg5 h6 8. Bxf6 gxf6 9. e3 Be6 10. Bd3 Bd6 11.
a3 Qd7 12. Na4 b6 13. Rc1 Ne7 14. Nc3 c5 15. Na4 c4 16. Bxc4 dxc4 17. Nxb6 Qb7 18. Nxa8 Qxa8 19. e4 Bf4 20. Rd1 Qc8 21. O-O Bg4 22.
Qc3 Rg8 23. Kh1 Qc7 24. h3 Bh5 25. Rde1 Kf8 26. d5 Be5 27. Nxe5 fxe5 28. Rc1 Qb6 29. Qxe5 Be2 30. Rfe1 Bd3 31. Qf4 Qg6 32. g3 Kg7 33.
Qe5+ Qf6 34. Qxf6+ Kxf6 35. e5+ Kf5 36. d6 Nc6 37.
g4+ Kf4 38. e6 fxe6 39. Rxe6 Nd4 40. Re3 Rd8 41. Rce1 Rxd6 42. Re7 Rf6 43. Kh2 Nf3+ 44. Kg2 Nxe1+ 45. Rxe1 Be4+ 46. Kf1 Bf3 47. Rc1 Rc6 48. Rc3 Ke4 49. Ke1 a5 50. Re3+ Kf4 51. Rc3 Rc5 52. Kd2 Rd5+ 53. Kc2 Be4+ 54. Kc1 Rd4 55. Re3 Rd3 56. Re2 Rxh3 57. b3 cxb3 58. Rd2 Rd3 59. Re2 a4 60. Re1 Rc3+ 61. Kb2 Rc2+ 62. Ka1 Ra2# 0-1